 Dungeon Crawl Stone Soup version 0.30-a0-824-g6c64550be9 (webtiles) character file.

Game seed: 16797483999391085668

11 qeuew the Trooper (level 2, 14/24 HPs)
             Began as a Demonspawn Monk on Feb 27, 2023.
             Quit the game on level 1 of the Dungeon.
             The game lasted 00:00:34 (137 turns).

qeuew the Trooper (Demonspawn Monk)                  Turns: 137, Time: 00:00:34

Health: 14/24      AC:  5    Str: 11    XL:     2   Next: 17%
Magic:  2/2        EV: 11    Int: 13    God:
Gold:   0          SH:  0    Dex: 15    Spells: 1/1 levels left

rFire   . . .      SeeInvis .    a - +0 falchion
rCold   . . .      Faith    .    (no shield)
rNeg    . . .      Spirit   .    e - +0 ring mail
rPois   .          Reflect  .    (no helmet)
rElec   .          Harm     .    (no cloak)
rCorr   .          Rampage  .    (no gloves)
Will    .....                    (no boots)
Stlth   +                        (no amulet)
HPRegen 0.24/turn                (no ring)
MPRegen 0.08/turn                (no ring)

@: no status effects
A: big brain 1
a: no special abilities


You were on level 1 of the Dungeon.
You visited 1 branch of the dungeon, and saw 1 of its levels.

Inventory:

Hand Weapons
 a - a +0 falchion (weapon)
Armour
 e - a +0 ring mail (worn)
Potions
 c - a potion of ambrosia
 d - a potion of brilliance {unknown}


   Skills:
 + Level 3.1 Fighting
 * Level 2.9 Long Blades
 * Level 0.8 Armour
 + Level 2.8 Dodging
 - Level 1.7 Stealth


You had one spell level left.
You didn't know any spells.
Your spell library was empty.

Dungeon Overview and Level Annotations

Branches:
Dungeon (1/15)

Altars:


Innate Abilities, Weirdness & Mutations

You have an unusually large brain. (Int +2)


Message History

There are monsters nearby!
You closely miss the jackal. The jackal closely misses you. x2
The jackal bites you but does no damage.
The jackal barks!
You hit the jackal.
You kill the jackal!
The jackal bites you.
You have reached level 2!
Your demonic ancestry asserts itself...
Your brain expands.
You hit the jackal.
The jackal is heavily wounded.
The jackal closely misses you. The jackal bites you.
The jackal bites you but does no damage.
You slash the jackal!
You kill the jackal!
The jackal bites you.
You closely miss the jackal. The jackal barely misses you. x2
You hit the jackal.
The jackal is almost dead.
The jackal barely misses you. The jackal misses you.
You barely miss the jackal.
The jackal is almost dead.
The jackal bites you.
You miss the jackal.
The jackal is almost dead.
The jackal misses you. The jackal closely misses you.
You closely miss the jackal.
The jackal is almost dead.
The jackal bites you. x2
You hit the jackal.
You kill the jackal!
No target in view!
No target in view!
No target in view!
No target in view!
No target in view!
Sorry, you're not good enough to have a special ability.
Sorry, you're not good enough to have a special ability.
Are you sure you want to abandon this character and quit the game? (Confirm with "yes".)

######### ........#
........# ........# ###
........# .. ........#
.#
........########†##.##.
...............@......>
####.####.....##.#####.
#............# .#
#..#.........# .#
#....†..[##.## .#
#........##.# .#
###..#.....##.# .#
#..........##.# .#
#..........##.#


There were no monsters in sight!

Vanquished Creatures
  A dart slug (D:1)
  2 endoplasms (D:1)
  A goblin (D:1)
  3 jackals (D:1)
  A kobold (D:1)
8 creatures vanquished.

Notes
Turn   | Place    | Note
-------+----------+-------------------------------------------
     0 | D:1      | qeuew the Demonspawn Monk began the quest for the Orb.
     0 | D:1      | Reached XP level 1. HP: 18/18 MP: 1/1
   129 | D:1      | Gained mutation: You have an unusually large brain. (Int
                  | +2) [demonic ancestry]
   129 | D:1      | Reached XP level 2. HP: 21/24 MP: 2/2
   137 | D:1      | Quit the game

Illustrated notes

Levels and vault maps discovered:
D:1:      dpeg_arrival_simpleton_b, layout_basic

Action                     || total
---------------------------++-------
  Melee: Falchion          ||    27
 Armour: Robe              ||     4
         Ring mail         ||     3
  Dodge: Dodged            ||    14

Table legend: (Time is in decaauts)
 A = Elapsed time spent in this place.
 B = Non-inter-level travel time spent in this place.
 C = Inter-level travel time spent in this place.
 D = Time resting spent in this place.
 E = Time spent auto-exploring this place.
 F = Levels seen in this place.
 G = Mean time per level.
                   A        B        C        D        E       F      G
               +--------+--------+--------+--------+--------+-----+--------+
         Total |    141 |    141 |      0 |      0 |     72 |   1 |  141.0 |
       Dungeon |    141 |    141 |      0 |      0 |     72 |   1 |  141.0 |
               +--------+--------+--------+--------+--------+-----+--------+

Top non-repeatable levels by time:
     D:1: 141 daAuts
